 Dungeon Crawl Stone Soup version 0.26.0-10-g1f06aea511 (webtiles) character file.

Game seed: 5292516321884302155

56 MisterFreud the Digger (level 3, -1/21 HPs)
             Began as an Octopode Earth Elementalist on Jan 16, 2021.
             Slain by a rat (3 damage)
             ... on level 2 of the Dungeon.
             The game lasted 00:01:52 (2134 turns).

MisterFreud the Digger (OpEE)                       Turns: 2134, Time: 00:01:53

Health: -1/21      AC:  1    Str:  7    XL:     3   Next: 97%
Magic:  6/6        EV: 13    Int: 18    God:
Gold:   69         SH:  0    Dex: 12    Spells: 5/6 levels left

rFire    . . .     SeeInvis .   (no weapon)
rCold    . . .     Faith    .   (no shield)
rNeg     . . .     Spirit   .   (helmet restricted)
rPois    .         Reflect  .   (no amulet)
rElec    .         Harm     .   (no ring)
rCorr    .         Rampage  .   (no ring)
Will     .....                  (no ring)
Stlth    +++.......             (no ring)
HPRegen  0.07/turn              (no ring)
MPRegen  0.10/turn              (no ring)
                                (no ring)
                                (no ring)

@: no status effects
A: almost no armour, stealthy swim, amphibious, 8 rings, constrict 8, camouflage
1, gelatinous body 1
a: no special abilities


You were on level 2 of the Dungeon.
You visited 1 branch of the dungeon, and saw 2 of its levels.

You collected 69 gold pieces.

Inventory:

Missiles
 b - 69 stones
Jewellery
 j - an uncursed amulet of regeneration
Scrolls
 a - 2 scrolls of magic mapping {unknown}
 c - 3 scrolls of identify {unknown}
 f - a scroll of blinking {unknown}
 g - a scroll of enchant armour {unknown}
 l - a scroll of remove curse {unknown}
Potions
 d - a potion of resistance {unknown}
 e - a potion of attraction {unknown}
 h - a potion of degeneration {unknown}
 i - a potion of ambrosia {unknown}
 k - a potion of brilliance {unknown}


   Skills:
 - Level 2.0 Dodging
 - Level 2.6 Stealth
 - Level 2.0 Spellcasting
 - Level 1.0 Transmutations
 + Level 4.7 Earth Magic


You had 5 spell levels left.
You knew the following spells:

 Your Spells              Type           Power        Failure   Level
a - Sandblast             Erth           36%          2%          1

Your spell library contained the following spells:

 Spells                   Type           Power        Failure   Level
 Passwall                 Tmut/Erth      10%          9%          2
 Stone Arrow              Conj/Erth      20%          21%         3
 Petrify                  Tmut/Erth      12%          50%         4
 Lee's Rapid Deconstruct  Erth           9%           56%         5


Dungeon Overview and Level Annotations

Branches:
Dungeon (2/15)

Altars:


Innate Abilities, Weirdness & Mutations

You cannot wear most types of armour.
You are very stealthy in the water. (Stealth+)
You are amphibious.
You can wear up to eight rings at the same time.
You can use your tentacles to constrict eight enemies at once.
Your skin changes colour to match your surroundings (Stealth+).
Your rubbery body absorbs attacks. (AC +1, EV +1)


Message History

You barely miss the giant cockroach. You grab the giant cockroach.
You squeeze the giant cockroach.
You kill the giant cockroach!
Things that are here:
a +0 club; a hobgoblin corpse You closely miss the rat.
Your grab misses the rat. Your squeeze misses the rat. The rat bites you.
* * * LOW HITPOINT WARNING * * *
You barely miss the rat. Your grab misses the rat. The rat barely misses you.
You tentacle-slap the rat but do no damage.
You grab the rat. You constrict the rat. The rat closely misses you.
You release your grip on the rat.
You see here a +0 dagger.
The rat bites you.
* * * LOW HITPOINT WARNING * * *
You tentacle-slap the rat but do no damage.
Your grab misses the rat.
The rat is moderately wounded.
The rat bites you.
You die...

#)# ######### #.#
..w.†...## #.#
#######..######## #.#
##....##..##....# #.#
#......##.##....# #.#
........#.##....# #.#
........#.##....#####.###.#
........#.....)r@.........#
...........#....#####.#####
#......##.............>.
##....##...#.############
#######..#.#........
#.......##.#########
#.########.# #.# ...


You could see a rat.

Vanquished Creatures
  An adder (D:2)
  An ooze (D:1)
  2 dart slugs
  2 leopard geckos (D:1)
  4 bats
  7 giant cockroaches
  2 goblins
  4 hobgoblins
  4 kobolds
  3 frilled lizards
  5 rats (D:1)
35 creatures vanquished.

Notes
Turn   | Place    | Note
-------+----------+-------------------------------------------
     0 | D:1      | MisterFreud the Octopode Earth Elementalist began the quest
                  | for the Orb.
     0 | D:1      | Reached XP level 1. HP: 11/11 MP: 3/3
   460 | D:1      | Reached XP level 2. HP: 17/17 MP: 5/5
  1258 | D:1      | Reached skill level 4 in Earth Magic
  1306 | D:1      | Reached XP level 3. HP: 17/21 MP: 6/6
  2101 | D:2      | HP: 1/21 [worm (8)]
  2134 | D:2      | Slain by a rat

Illustrated notes

Levels and vault maps discovered:
D:1:      minmay_arrival_jagged, layout_basic, minmay_misc_feat_pillars,
          minmay_door_square, minmay_misc_feat_enclosed, minmay_pentomino_x4
D:2:      minmay_roachtagon, layout_basic, uniq_sigmund

Skill      XL: |  1  2 |
---------------+-------+-----
Earth Magic    | 4 |  4.7
Dodging        | |  2.0
Stealth        | |  2.6
Spellcasting   | |  2.0
Transmutations | |  1.0

Action                   || total
-------------------------++-------
Melee: Unarmed           ||   128
       Constrict         ||    28
       Tentacles         ||    16
 Cast: Sandblast         ||     6
 Stab: Sleeping          ||     7
Armor: Skin              ||    18
Dodge: Dodged            ||    88
